 Dungeon Crawl Stone Soup version 0.26.1-11-gd32895ea62 (webtiles) character file.

Game seed: 12150495020384045407

852 basicallysejuani the Ruffian (level 8, -11/63 HPs)
             Began as a Ghoul Warper on June 21, 2021.
             Was a Believer of Qazlal.
             Mangled by an ogre
             ... wielding a +0 giant spiked club
              (29 damage)
             ... on level 5 of the Dungeon on June 22, 2021.
             The game lasted 00:48:16 (4151 turns).

basicallysejuani the Ruffian (Ghoul Warper)         Turns: 4151, Time: 00:48:17

Health: -11/63     AC:  7    Str: 17    XL:     8   Next: 1%
Magic:  10/10      EV: 11    Int:  8    God:    Qazlal [**....]
Gold:   165        SH:  2    Dex:  8    Spells: 9/11 levels left

rFire    . . .     SeeInvis .   H - +5 short sword (venom)
rCold    + . .     Faith    .   (no shield)
rNeg     + + +     Spirit   .   A - +1 ring mail {Will+}
rPois    ∞         Reflect  .   k - +0 helmet
rElec    .         Harm     .   (no cloak)
rCorr    .         Rampage  .   (no gloves)
Will     +....                  (no boots)
Stlth    +.........             (no amulet)
HPRegen  0.00/turn              (no ring)
MPRegen  0.12/turn              (no ring)

@: no status effects
A: claws 1, cold resistance 1, negative energy resistance 3, inhibited
regeneration, torment resistance, unbreathing
a: Renounce Religion, Upheaval


You were on level 5 of the Dungeon.
You worshipped Qazlal.
Qazlal was pleased with you.
You visited 1 branch of the dungeon, and saw 5 of its levels.

You collected 165 gold pieces.

Inventory:

Hand Weapons
 g - a +0 whip
 h - a +0 club
 i - a +0 club
 j - a +0 dagger
 p - a +0 trident
 q - a +0 hunting sling
 v - a +0 dagger
 z - a +0 war axe of pain
 B - a +0 flail
 C - a +0 hand axe
 G - a +0 hunting sling
 H - a +5 short sword of venom (weapon)
 Q - a +2 falchion of freezing
 S - a +0 vorpal flail
Missiles
 d - 5 boomerangs of dispersal (quivered)
 e - 85 arrows
 o - 32 poisoned darts
 w - 102 stones
 y - a throwing net
 O - 23 bolts
 P - 9 boomerangs
Armour
 a - a +0 leather armour
 k - a +0 helmet (worn)
 m - a +0 robe
 t - a +0 plate armour
 A - a +1 ring mail of willpower (worn)
 D - a +0 leather armour
 I - a +0 helmet
 K - a cursed +0 cloak
 M - a +0 chain mail
 T - a +0 chain mail
 U - a +0 chain mail
Jewellery
 R - an uncursed ring of resist corrosion {unknown}
Wands
 E - a wand of digging (8)
 V - a wand of iceblast (7)
Scrolls
 b - 5 scrolls of identify
 c - 2 scrolls of blinking
 f - 3 scrolls of teleportation
 n - a scroll of fear
 r - 3 scrolls of remove curse {unknown}
 s - a scroll of magic mapping {unknown}
 x - a scroll of enchant armour {unknown}
 F - a scroll of amnesia {unknown}
 L - 4 scrolls of fog {unknown}
Potions
 l - 2 potions of haste {unknown}
 u - 2 potions of cancellation
 J - a potion of mutation {unknown}
 N - a potion of berserk rage {unknown}
 W - 2 potions of curing


   Skills:
 + Level 3.2 Fighting
 + Level 2.8 Short Blades
 * Level 2.0 Axes
 + Level 0.7(1.0) Slings
 + Level 0.8(1.0) Throwing
 + Level 2.2 Armour
 + Level 3.1 Dodging
 + Level 1.0 Stealth
 + Level 0.5 Shields
 + Level 4.6 Unarmed Combat
 + Level 2.4 Spellcasting
 * Level 4.2 Translocations
 + Level 0.1 Invocations
 + Level 0.3 Evocations


You had 9 spell levels left.
You knew the following spells:

 Your Spells              Type           Power        Failure   Level
a - Blink                 Tloc           N/A          16%         2

Your spell library contained the following spells:

 Spells                   Type           Power        Failure   Level
 Gell's Gravitas          Tloc           3%           32%         3
 Lesser Beckoning         Tloc           3%           32%         3
 Teleport Other           Tloc           7%           32%         3
 Passage of Golubria      Tloc           N/A          71%         4


Dungeon Overview and Level Annotations

Branches:
Dungeon (5/15)
 Temple: D:4-7

Altars:
Dithmenos
Fedhas
Qazlal
Uskayaw


Innate Abilities, Weirdness & Mutations

You thrive by killing the living.
You are immune to poison.
You have sharp fingernails.
Your flesh is cold resistant. (rC+)
You are immune to negative energy. (rN+++)
You do not regenerate when monsters are visible.
You are immune to unholy pain and torment.
You can survive without breathing.


Message History

The centaur hits you with a +0 trident.
The centaur drinks a potion.
The centaur is healed!
The centaur looks more healthy.
You barely miss the centaur.
The centaur is moderately wounded.
The centaur hits you with a +0 trident.
You hit the centaur.
The centaur is poisoned.
The centaur is moderately wounded.
The centaur closely misses you.
You puncture the centaur! You claw the centaur.
The centaur is almost dead.
The centaur hits you with a +0 trident! The centaur hits you with a +0 trident.
* * * LOW HITPOINT WARNING * * *
You hit the centaur.
You kill the centaur!
Qazlal accepts your kill.
Your Axes skill increases to level 2!
You have reached level 8!
You barely miss the ogre.
The ogre hits you with a +0 giant spiked club!!
You die...

#.# # #.# #. #.# # . #
#.# #.#B #####.#
#...## #.....#
#...#####
#....☼########........
#....@...........#####
#....O####(.†#####
#.....)).....#
###.######...# ...
##.## ###. ..# # ..#
#..# #. .#


You could see an ogre.

Vanquished Creatures
  A sky beast (D:5)
  2 ogres (D:5)
  A centaur (D:5)
  A bullfrog zombie (D:5)
  An orc priest (D:3)
  3 hounds
  Ijyb (D:5)
  Terence (D:3)
  5 worker ants
  Robin (D:2)
  3 gnolls (D:5)
  An adder (D:3)
  An adder skeleton (D:5)
  3 worms (D:2)
  10 dart slugs
  5 leopard geckos
  7 orcs
  6 giant cockroaches
  12 goblins
  11 hobgoblins
  5 jackals
  4 quokkas
  9 bats
  2 frilled lizards (D:1)
  5 kobolds
  5 rats
106 creatures vanquished.

Vanquished Creatures (others)
  A plant (D:1)
1 creature vanquished.

Grand Total: 107 creatures vanquished

Notes
Turn   | Place    | Note
-------+----------+-------------------------------------------
     0 | D:1      | basicallysejuani the Ghoul Warper began the quest for the
                  | Orb.
     0 | D:1      | Reached XP level 1. HP: 17/17 MP: 2/2
   336 | D:1      | Reached XP level 2. HP: 16/24 MP: 3/3
   339 | D:1      | Learned a level 2 spell: Blink
   635 | D:1      | Reached skill level 1 in Armour
  1072 | D:2      | Noticed Robin
  1087 | D:2      | Reached XP level 3. HP: 29/29 MP: 4/4
  1102 | D:2      | Killed Robin
  1404 | D:2      | Found a stormy altar of Qazlal.
  1408 | D:2      | Reached XP level 4. HP: 36/36 MP: 5/5
  1421 | D:2      | Became a worshipper of Qazlal Stormbringer
  2057 | D:3      | Noticed Terence
  2075 | D:3      | Killed Terence
  2105 | D:3      | Reached XP level 5. HP: 26/42 MP: 6/6
  2229 | D:3      | Found a hide-covered altar of Uskayaw.
  2230 | D:3      | Reached * piety under Qazlal
  2334 | D:3      | Found a shadowy altar of Dithmenos.
  2833 | D:4      | Found a blossoming altar of Fedhas.
  2986 | D:4      | Reached skill level 1 in Short Blades
  2986 | D:4      | Reached XP level 6. HP: 40/50 MP: 7/7
  3330 | D:5      | Entered Level 5 of the Dungeon
  3362 | D:5      | Noticed Ijyb
  3375 | D:5      | Killed Ijyb
  3405 | D:5      | Reached skill level 1 in Axes
  3405 | D:5      | Reached XP level 7. HP: 9/56 MP: 5/9
  3425 | D:5      | HP: 2/56 [worker ant (6)]
  3440 | D:5      | Reached ** piety under Qazlal
  4136 | D:5      | Reached skill level 1 in Stealth
  4150 | D:5      | Reached XP level 8. HP: 18/63 MP: 10/10
  4151 | D:5      | Mangled by an ogre

Illustrated notes

Levels and vault maps discovered:
D:1:      kilobyte_arrival_exit_the_forest, layout_loops_ring,
          minmay_strange_pillars
D:2:      layout_rooms, overflow_temple_1_default, uniq_robin
D:3:      layout_loops_ring, eat_drink_and_be_merry_uskayaw,
          nicolae_dithmenos_shadow_blocks, uniq_terence
D:4:      kennysheep_slugbush, layout_basic, fedhas_ov_isle_minmay,
          nrook_campfire
D:5:      layout_loops_ring, tso_altar, lemuel_blue_sif_altar,
          small_statue_intersection, uniq_ijyb

Skill      XL: |  1  2  3  4  5  6  7 |
---------------+----------------------+-----
Translocations | 3 4 |  4.2
Armour         | 1 2 |  2.2
Unarmed Combat | 3 4 |  4.6
Dodging        | 2 3 |  3.1
Short Blades   | 1 2 |  2.8
Axes           | 1 2 |  2.0
Spellcasting   | 2 |  2.4
Fighting       | 3 |  3.2
Stealth        | 1 |  1.0
Slings         | |  0.7
Throwing       | |  0.8
Shields        | |  0.5
Invocations    | |  0.1
Evocations     | |  0.3

Action                   |  1- 3 |  4- 6 |  7- 9 || total
-------------------------+-------+-------+-------++-------
Melee: Unarmed           |   136 |   118 |       ||   254
       Punch             |       |     2 |     1 ||     3
       Short sword       |       |    59 |    54 ||   113
 Fire: Hunting sling     |       |    12 |     2 ||    14
 Cast: Blink             |     1 |     2 |     3 ||     6
Invok: Upheaval          |       |       |     1 ||     1
Evoke: Wand              |       |     1 |     4 ||     5
  Use: Scroll            |     3 |     2 |       ||     5
       Potion            |       |     1 |     3 ||     4
Armor: Leather armour    |    36 |     8 |       ||    44
       Ring mail         |       |    27 |    17 ||    44
Dodge: Dodged            |    69 |   109 |    32 ||   210
Block: Other             |       |     3 |     1 ||     4
